AoeStats
← Hector

Lombardia

507679967Analyzed
4v4 RM · 13d ago on Sep 19, 2026· 69m 42s· 8 players
Game mode
Random Map
Map size
Large (8 player)
Population
200
Speed
Normal
Resources
Standard
Victory
Conquest
Starting age
Dark Age
Ending age
Imperial Age
RankedLock teamsTeams togetherTeam positionsShared explorationLock speedFull tech treeHidden civsTurbo modeCheats
Victory
Defeat
🇩🇰 Mongols · Denmark
1540
+16
🇨🇳 Hindustanis · China
1516
+17
🇺🇸 Georgians · United States
1485
+18
🇦🇹 Britons · Austria
1422
+21
🇻🇳 Japanese · Vietnam
1594
-20
🇦🇷 Persians · Argentina
1574
-20
🇨🇳 Magyars · China
1568
-19
🇮🇩 Lithuanians · Indonesia
1414
-13
all peacocks are the same
6:27 Loom
6:59 Loom
9:38 Feudal Age
10:09 Double-Bit Axe
12:52 Horse Collar
14:37 Forging
18:23 Bloodlines
20:10 Wheelbarrow
24:00 Castle Age
21:55 Gold Mining
23:21 Town Watch
24:10 Light Cavalry
27:30 Scale Barding Armor
28:26 Husbandry
29:05 Bow Saw
29:40 Chain Barding Armor
29:55 Heavy Plow
33:05 Stone Mining
36:53 Fletching
37:40 Bodkin Arrow
38:11 Svan Towers
42:12 Imperial Age
40:17 Guard Tower
41:24 Ballistics
41:54 Hand Cart
42:16 Hussar
43:43 Bracer
47:46 Conscription
49:01 Iron Casting
49:56 Pikeman
50:36 Squires
51:43 Halberdier
57:04 Caravan
60:44 Scale Mail Armor
60:32 Arrowslits
63:29 Chemistry
64:05 Keep
64:44 Chain Mail Armor
65:58 Coinage
67:24 Crop Rotation
3409853472
11:32 Feudal Age
15:34 Castle Age
14:18 Double-Bit Axe
14:14 Horse Collar
18:06 Bow Saw
21:00 Town Watch
21:03 Loom
25:09 Wheelbarrow
25:41 Stone Mining
28:08 Hand Cart
28:53 Stone Shaft Mining
28:21 Heavy Plow
29:28 Gold Mining
32:54 Imperial Age
30:55 Fletching
32:24 Bodkin Arrow
32:51 Ballistics
32:33 Padded Archer Armor
32:55 Elite Mangudai
33:50 Bloodlines
33:41 Husbandry
33:42 Bracer
33:58 Leather Archer Armor
34:10 Conscription
36:43 Chemistry
37:19 Drill
37:18 Scale Barding Armor
37:24 Forging
37:52 Gold Shaft Mining
38:59 Capped Ram
42:40 Light Cavalry
43:58 Iron Casting
43:44 Chain Barding Armor
44:33 Parthian Tactics
44:14 Thumb Ring
44:47 Hussar
45:00 Siege Ram
46:43 Blast Furnace
47:31 Caravan
Hector
9:32 Feudal Age
8:22 Loom
10:15 Double-Bit Axe
15:23 Castle Age
13:45 Horse Collar
14:07 Fletching
16:29 Bodkin Arrow
18:37 Crossbowman
24:01 Bow Saw
25:42 Ballistics
25:26 Padded Archer Armor
26:03 Heavy Plow
35:14 Imperial Age
33:19 Wheelbarrow
32:53 Gold Mining
32:54 Stone Mining
33:20 Leather Archer Armor
34:49 Hand Cart
34:19 Town Watch
35:58 Bracer
36:59 Chemistry
36:50 Ring Archer Armor
38:40 Conscription
39:53 Gold Shaft Mining
41:24 Two-Man Saw
40:36 Siege Engineers
41:10 Yeomen
41:06 Town Patrol
41:25 Elite Longbowman
42:37 Masonry
44:47 Architecture
44:33 Warwolf
46:35 Hoardings
45:41 Treadmill Crane
50:34 Murder Holes
57:04 Fortified Wall
57:56 Caravan
58:27 Coinage
60:25 Banking
60:05 Guilds
Mr.Robin
8:52 Feudal Age
9:29 Double-Bit Axe
10:21 Horse Collar
14:03 Forging
16:09 Bloodlines
15:50 Loom
Chim cu đi tắm
10:12 Feudal Age
14:28 Castle Age
12:41 Horse Collar
13:34 Double-Bit Axe
14:49 Loom
15:16 Bow Saw
21:26 Heavy Plow
24:59 Wheelbarrow
25:58 Scale Barding Armor
27:02 Chain Barding Armor
27:18 Bloodlines
27:43 Husbandry
30:43 Forging
32:15 Iron Casting
35:24 Hand Cart
39:32 Imperial Age
37:24 Gold Mining
37:47 Stone Mining
39:36 Coinage
39:11 Cavalier
40:27 Plate Barding Armor
40:53 Blast Furnace
40:55 Two-Man Saw
40:26 Crop Rotation
40:33 Gold Shaft Mining
41:44 Banking
41:35 Savar
54:49 Light Cavalry
56:51 Caravan
58:02 Hussar
60:50 Capped Ram
63:33 Siege Ram
海的盒子
10:26 Feudal Age
14:25 Castle Age
12:47 Double-Bit Axe
13:17 Horse Collar
15:20 Bow Saw
16:12 Loom
22:18 Fletching
22:42 Elite Skirmisher
27:01 Bodkin Arrow
29:38 Padded Archer Armor
30:58 Leather Archer Armor
35:29 Wheelbarrow
35:09 Pikeman
40:32 Imperial Age
38:04 Gold Mining
38:27 Stone Mining
38:38 Heavy Plow
39:28 Scale Mail Armor
40:05 Gold Shaft Mining
39:55 Hand Cart
40:39 Chain Mail Armor
40:38 Halberdier
41:19 Bracer
42:40 Two-Man Saw
42:58 Chemistry
41:46 Town Watch
43:54 Ring Archer Armor
43:46 Ballistics
43:32 Siege Engineers
44:34 Conscription
46:52 Masonry
46:23 Treadmill Crane
47:41 Heavy Cavalry Archer
48:47 Parthian Tactics
48:25 Recurve Bow
48:32 Scale Barding Armor
48:33 Caravan
52:06 Chain Barding Armor
53:38 Coinage
55:20 Plate Barding Armor
54:56 Bloodlines
54:47 Husbandry
67:02 Corvinian Army
Sói
11:40 Feudal Age
12:04 Man-at-Arms
12:33 Double-Bit Axe
12:33 Horse Collar
13:16 Loom
19:21 Wheelbarrow
22:18 Castle Age
22:02 Fletching
22:59 Bodkin Arrow
23:48 Bow Saw
23:43 Heavy Plow
25:58 Gold Mining
27:33 Padded Archer Armor
31:31 Ballistics
36:42 Imperial Age
34:20 Thumb Ring
34:31 Leather Archer Armor
34:18 Husbandry
34:28 Bloodlines
34:48 Bloodlines
35:01 Town Watch
35:38 Hand Cart
36:03 Gold Shaft Mining
36:46 Stone Mining
37:39 Bracer
38:10 Ring Archer Armor
38:41 Chemistry
38:52 Parthian Tactics
38:42 Heavy Cavalry Archer
43:08 Conscription
42:52 Treadmill Crane
43:01 Arrowslits
43:06 Guard Tower
44:56 Yasama
47:07 Two-Man Saw
45:59 Elite Skirmisher
47:26 Murder Holes
49:49 Keep
49:26 Masonry
49:57 Hoardings
61:54 Fortified Wall
61:50 Siege Engineers
RafixRuche
5:04 Loom
11:23 Feudal Age
17:34 Castle Age
17:40 Castle Age
17:46 Castle Age
17:52 Castle Age
18:09 Castle Age
Connection lost

Rejoining the realm…

Still unreachable

The connection could not be restored.

Session expired

The server has moved on; the page needs a fresh start.